 Dungeon Crawl Stone Soup version 0.26-a0-611-g354ed81502 (webtiles) character file.

Game seed: 13369735159829796177

466866 TerraDOOM the Impregnable (level 24, -3/168 HPs)
             Began as a Gargoyle Fighter on Sept 7, 2020.
             Was an Initiate of Gozag.
             Splashed by an ancient lich's acid (15 damage)
             ... on level 5 of the Depths.
             The game lasted 02:47:19 (48381 turns).

TerraDOOM the Impregnable (Gargoyle Fighter)       Turns: 48381, Time: 02:47:20

Health: -3/168     AC: 63    Str: 27    XL:     24   Next: 59%
Magic:  23/23      EV: 14    Int: 19    God:    Gozag
Gold:   6134       SH: 28    Dex: 11    Spells: 23/23 levels left

rFire    . . .     SeeInvis +   p - +9 whip (elec)
rCold    . . .     Faith    .   C - +5 tower shield
rNeg     + . .     Spirit   .   Z - +8 orange crystal plate armour {Archmagi, Int+3 Clar}
rPois    ∞         Reflect  .   f - +3 crown of Dyrovepreva {rElec Int+2 SInv}
rElec    +         Harm     .   X - +1 cloak {MR+}
rCorr    .         Clarity  +   E - +1 pair of gloves
MR       ++...                  (no boots)
Stlth    ..........             s - amulet "Zatz" {+Inv Regen+}
HPRegen  0.78/turn              o - +4 ring of evasion
MPRegen  0.18/turn              c - ring of Yngapp {EV+4 Int+2}

@: mighty, gold aura, stab, flying
A: big wings, hooves 1, negative energy resistance 1, electricity resistance,
unbreathing, petrification resistance, no potion heal 1, rot immunity, AC +18
}: 2/15 runes: serpentine, barnacled
a: Stop Flying, Potion Petition, Call Merchant, Bribe Branch, Renounce Religion,
Evoke Invisibility


You were on level 5 of the Depths.
You worshipped Gozag.
Gozag was greatly pleased with you.
You visited 10 branches of the dungeon, and saw 43 of its levels.
You also visited: Sewer and Gauntlet.

You collected 19371 gold pieces.
You spent 5613 gold pieces at shops.
You paid 7624 gold pieces to Gozag.

Inventory:

Hand Weapons
 p - a +9 whip of electrocution (weapon)
 v - the +9 heavy crossbow "Sniper" {vorpal, Acc+∞ SInv}
   (You bought it in a shop on level 2 of the Elven Halls)

   Any bolt fired from it inflicts extra damage.
   It lets you see invisible.
 x - a +2 demon whip of draining
Missiles
 m - 9 throwing nets (quivered)
Armour
 f - the +3 crown of Dyrovepreva (worn) {rElec Int+2 SInv}
   (You bought it in a shop on level 1 of the Lair of Beasts)

   It affects your intelligence (+2).
   It insulates you from electricity.
   It lets you see invisible.
 C - a +5 tower shield (worn)
 E - a +1 pair of gloves (worn)
 X - a +1 cloak of magic resistance (worn)
 Z - the +8 orange crystal plate armour (worn) {Archmagi, Int+3 Clar}
   (You bought it in a shop on level 1 of the Lair of Beasts)

   It affects your intelligence (+3).
   It protects you against confusion.
Jewellery
 c - the ring of Yngapp (right hand) {EV+4 Int+2}
   (You took it off a merfolk on level 3 of the Shoals)

   [ring of evasion]

   It affects your evasion (+4).
   It affects your intelligence (+2).
 j - a +6 ring of dexterity
 k - a +6 ring of strength
 o - a +4 ring of evasion (left hand)
 s - the amulet "Zatz" (around neck) {+Inv Regen+}
   (You acquired it on level 3 of the Vaults)

   [amulet of regeneration]

   It lets you turn invisible.
   It increases your rate of regeneration.
 w - an uncursed ring of ice
 G - an uncursed ring of protection from fire
 K - an uncursed ring of protection from magic
 Q - an uncursed amulet of reflection
 U - an uncursed ring of resist corrosion
 V - an uncursed ring of protection from cold
Wands
 a - a wand of iceblast (12)
 B - a wand of enslavement (32)
 F - a wand of paralysis (24)
 H - a wand of digging (22)
 I - a wand of acid (36)
 M - a wand of random effects (87)
 P - a wand of flame (49)
 R - a wand of disintegration (6)
Scrolls
 g - 5 scrolls of fog
 i - 17 scrolls of remove curse
 t - 5 scrolls of fear
 y - 13 scrolls of identify
 z - 2 scrolls of magic mapping
 A - 10 scrolls of teleportation
 D - 2 scrolls of silence
 J - 4 scrolls of enchant weapon
 O - 8 scrolls of amnesia
 S - 2 scrolls of blinking
 T - a scroll of summoning
Potions
 b - 2 potions of haste
 d - 8 potions of might
 e - 4 potions of stabbing
 h - 3 potions of invisibility
 l - 17 potions of curing
 n - 5 potions of lignification
 q - 10 potions of brilliance
 r - 5 potions of ambrosia
 u - a potion of resistance
 L - 5 potions of cancellation
 N - 2 potions of heal wounds
 Y - 3 potions of magic
Miscellaneous
 W - a phial of floods


   Skills:
 + Level 21.7 Fighting
 - Level 19.2 Maces & Flails
 * Level 12.1 Crossbows
 + Level 22.2 Armour
 + Level 19.6 Shields


You had 23 spell levels left.
You didn't know any spells.
Your spell library contained the following spells:

 Spells                   Type           Power        Failure   Level
 Corona                   Hex            #......      99%         1
 Foxfire                  Conj/Fire      #...         99%         1
 Freeze                   Ice            #...         99%         1
 Magic Dart               Conj           #...         99%         1
 Pain                     Necr           #...         99%         1
 Sandblast                Erth           #.....       99%         1
 Shock                    Conj/Air       #...         99%         1
 Blink                    Tloc           N/A          99%         2
 Call Imp                 Summ           #.......     99%         2
 Ensorcelled Hibernation  Hex/Ice        #.....       99%         2
 Passwall                 Tmut/Erth      #.......     99%         2
 Poisonous Vapours        Pois/Air       #.....       99%         2
 Slow                     Hex            #.......     99%         2
 Swiftness                Air            #.......     99%         2
 Confusing Touch          Hex            #.......     100%        3
 Conjure Flame            Conj/Fire      #.......     100%        3
 Dazzling Flash           Conj/Hex       #.....       100%        3
 Frozen Ramparts          Ice            #.....       100%        3
 Gell's Gravitas          Tloc           #.........   100%        3
 Mephitic Cloud           Conj/Pois/Air  #.......     100%        3
 Ozocubu's Armour         Ice            #.......     100%        3
 Portal Projectile        Hex/Tloc       #.....       100%        3
 Static Discharge         Conj/Air       #.......     100%        3
 Stone Arrow              Conj/Erth      #.....       100%        3
 Tukima's Dance           Hex            #.......     100%        3
 Airstrike                Air            #.........   100%        4
 Animate Dead             Necr           #.........   100%        4
 Cause Fear               Hex            #.........   100%        4
 Hailstorm                Conj/Ice       #.......     100%        4
 Petrify                  Tmut/Erth      #.......     100%        4
 Summon Ice Beast         Ice/Summ       #.......     100%        4
 Summon Lightning Spire   Summ/Air       #.......     100%        4
 Bolt of Magma            Conj/Fire/Erth #.........   100%        5
 Borgnjor's Vile Clutch   Necr/Erth      #.........   100%        5
 Iskenderun's Battlesphe  Conj           #.......     100%        5
 Lee's Rapid Deconstruct  Erth           #.........   100%        5
 Lightning Bolt           Conj/Air       #.........   100%        5
 Metabolic Englaciation   Hex/Ice        #.........   100%        5
 Silence                  Hex/Air        #.........   100%        5
 Summon Demon             Summ           #.........   100%        5
 Summon Forest            Summ/Tloc      #.........   100%        5
 Summon Mana Viper        Hex/Summ       #.......     100%        5
 Yara's Violent Unravell  Hex/Tmut       #.........   100%        5
 Conjure Ball Lightning   Conj/Air       #.........   100%        6
 Dispersal                Tloc           #.........   100%        6
 Freezing Cloud           Conj/Ice/Air   #.........   100%        6
 Iron Shot                Conj/Erth      #.........   100%        6
 Shadow Creatures         Summ           N/A          100%        6
 Dragon Form              Tmut           #.........   100%        7
 Orb of Destruction       Conj           #.........   100%        7
 Spellforged Servitor     Conj/Summ      #.........   100%        7
 Summon Hydra             Summ           #.........   100%        7
 Disjunction              Tloc           #.........   100%        8
 Dragon's Call            Summ           #.........   100%        9
 Tornado                  Air            #.........   100%        9


Dungeon Overview and Level Annotations

Branches:
Dungeon (15/15)            Temple (1/1) D:5            Lair (6/6) D:11
 Shoals (4/4) Lair:2        Snake (4/4) Lair:4        Slime (0/5) Lair:6
    Orc (2/2) D:9             Elf (2/3) Orc:2        Vaults (4/5) D:14
  Crypt (0/3) Vaults:3     Depths (3/5) D:15           Hell (visited)
  Sewer (visited)         Gauntlet (visited)
    Dis: Hell:1         Geh: Hell:1         Coc: Hell:1         Tar: Hell:1

Altars:
Ashenzari
Cheibriados
Dithmenos
Elyvilon
Fedhas
Gozag
Hepliaklqana
Kikubaaqudgha
Makhleb
Nemelex Xobeh
Okawaru
Qazlal
Ru
Sif Muna
Trog
Uskayaw
Vehumet
Wu Jian
Xom
Yredelemnul
Zin
The Shining One
Beogh
Lugonu

Shops:
D:4 !   D:5 :   D:7 (   D:10 ?   D:11 !   D:15 (}   Orc:2 **([:   Elf:2 *(}
Lair:1 [   Snake:4 [   Vaults:2 *   Vaults:3 (}   Depths:3 *!

Portals:
Hell: Lair:6 Depths:1 Depths:2 Depths:3
Abyss: Depths:2
Pandemonium: Depths:1 Depths:3

Annotations:
D:7 2 transporters, exclusion: downstairs, ANON1729's ghost, amateur KoGl
D:8 exclusion: downstairs
D:15 the Enchantress
Lair:4 3 runed translucent doors, Vuppis's ghost, journeyman DsVM
Lair:6 1 runed translucent door, threeofswords's ghost, journeyman NaAM
Shoals:2 Roxanne
Shoals:3 exclusion: oklob plant
Orc:2 1 transporter, lilly's ghost, journeyman MiMo
Vaults:4 Mennas
Hell Geryon


Innate Abilities, Weirdness & Mutations

You are resistant to torment.
Your stone body is resilient. (AC +18)
You are immune to poison.
Your large and strong wings let you fly indefinitely.
You resist negative energy. (rN+)
You are resistant to electric shocks. (rElec)
You can survive without breathing.
You are immune to petrification.
You are immune to rotting.
You have large cloven feet.
Potions are less effective at restoring your health.


Message History

* * * LOW HITPOINT WARNING * * *
You block the ettin's attack.
You hit the ancient lich but do no damage.
You kick the ancient lich, but do no damage.
The ancient lich is almost destroyed.
You block the ancient lich's attack.
You block the spriggan air mage's attack.
You block the iron dragon's attack. The iron dragon misses you.
The iron dragon barely misses you.
You hit the ancient lich.
The ancient lich is almost destroyed.
You block the ettin's attack. x2
You closely miss the ancient lich. You kick the ancient lich.
The ancient lich is almost destroyed.
The ancient lich gestures at you while chanting.
The bolt of acid hits you!!!
* * * LOW HITPOINT WARNING * * *
You are splashed with acid!
You die...
Your body crumbles into a pile of gold.

,,,*,*,,,*,,***,,*,,,*,*,,,,,**,,
,,,,,*,,,*,##,##,*,,,*,,,⌠,,,**,,
,,,**,***###.*.###***,**,,,,,**,,
,,*,,*,,$#...*.,.#,,,*,,*,,∩,****
,*,,,*,,*#..}#C.p#*,,*,,,*,,,*
**,,,*,**..=?$#Dp,##,*,,,**,,*
***#########[):###.#********,* *
#.....(.....#?$i.C#*$*,,,**,,* *
.#...#.......#|L@##,,*,,,*,,,* *
..#..#..(...(#.D.#,,,*,,*,,,,*
......#.....C#.###***,**,,,,,*
..........D..###,*,,,*,,,,,,,*
.....#.......#*,,*,,,*,*,,,,**
.........#...#,,,*,,*,,,,,,**
.......#..##.#***,**,,,,,,,*
.............#,,,*,,,,,,,,,*
#..^.........#,,,*,*,,,,****


You could see an iron dragon, an ancient lich, an ettin and a spriggan air mage
(repels missiles).

Vanquished Creatures
  Sojobo (Depths:1)
  A caustic shrike (Depths:5)
  A golden dragon (Depths:2)
  Nikola (Depths:1)
  A tentacled monstrosity (Depths:3)
  3 liches
  Rupert (Lair:6)
  An ancient champion (Vaults:3)
  A deep elf blademaster (Elf:2)
  A sphinx (Vaults:3)
  Polyphemus (Shoals:2)
  Gastronok (D:8)
  2 tengu reavers (Depths:1)
  A shadow dragon (Depths:2)
  A storm dragon (Vaults:1)
  Kirke (Shoals:1)
  9 fire giants
  7 nagarajas
  Ilsuiw (Shoals:2)
  3 deep elf sorcerers
  10 vault wardens
  4 frost giants
  A curse skull (Vaults:3)
  Louise (Shoals:2)
  11 very ugly things
  5 spriggan defenders
  11 ironheart preservers
  17 stone giants
  A vampire knight (Vaults:3)
  A minotaur (Gauntlet)
  A deep elf annihilator (Elf:2)
  A dire elephant (Lair:6)
  9 merfolk javelineers
  4 spark wasps
  A deep elf death mage (Vaults:3)
  6 ettins
  3 merfolk impalers
  6 yaktaur captains
  Josephine (Shoals:1)
  3 fire dragons
  6 great orbs of eyes
  5 hydras
  A deep elf high priest (Elf:2)
  3 rakshasas
  3 spriggan air magi
  13 ice dragons
  14 naga warriors
  2 death knights (Vaults:4)
  4 merfolk avatars
  8 anacondas
  6 vault guards
  3 catoblepae
  9 centaur warriors
  3 merfolk aquamancers (Shoals:4)
  35 two-headed ogres
  3 deep troll shamans
  A satyr (Shoals:3)
  8 death yaks
  9 ogre magi
  16 naga sharpshooters
  Urug (D:9)
  A queen ant (Gauntlet)
  7 deep troll earth magi
  10 spriggan berserkers
  8 deep elf knights
  4 shock serpents
  Nergalle (Lair:4)
  11 tengu warriors
  Sonja (D:10)
  A sixfirhy (Lair:6)
  20 skeletal warriors
  4 hell knights (Depths:2)
  2 iron trolls (Depths:1)
  21 deep trolls
  A glowing orange brain (Vaults:3)
  3 salamander mystics
  13 sea snakes
  5 ironbrand convokers
  11 naga ritualists
  2 flayed ghosts
  A phantasmal warrior (Vaults:4)
  8 wizards
  6 deep elf archers
  9 necromancers
  10 harpies
  9 orc knights
  12 mana vipers
  A human zombie (Vaults:2)
  42 deep elf magi
  An oklob plant (Snake:2)
  An orc sorcerer (Vaults:1)
  A wolf spider (Vaults:1)
  45 ugly things
  11 salamanders
  2 shining eyes (shapeshifter)
  13 cyclopes
  5 fauns
  A salamander (shapeshifter) (Vaults:1)
  7 manticores
  12 merfolk sirens
  33 black mambas
  2 guardian serpents (Snake:3)
  7 vault sentinels
  3 water nymphs
  Maurice (D:8)
  25 naga magi
  A cane toad (shapeshifter) (Depths:2)
  10 cane toads
  A gargoyle (D:14)
  Joseph (D:8)
  An orange demon (Lair:6)
  4 freezing wraiths
  8 komodo dragons
  An efreet (D:13)
  5 rime drakes
  5 ice devils (Lair:6)
  A redback zombie (D:15)
  55 yaktaurs
  A hellwing (Lair:6)
  6 tengu conjurers
  30 merfolk
  A queen bee (D:11)
  A wind drake (Shoals:4)
  A harpy zombie (D:13)
  A meliai (shapeshifter) (Vaults:1)
  A jumping spider (shapeshifter) (Vaults:3)
  3 meliai (D:13)
  17 dream sheep
  A troll (D:14)
  10 snapping turtles
  5 hornets
  4 blink frogs
  25 slime creatures
  A dream sheep (shapeshifter) (D:15)
  A blink frog (shapeshifter) (Depths:2)
  12 hippogriffs
  A meliai zombie (D:15)
  An ice dragon zombie (Depths:1)
  2 centaur simulacra (D:14)
  A deep troll skeleton (Depths:1)
  12 water elementals
  2 air elementals (Elf:1)
  A vampire (D:11)
  3 spriggans
  7 wyverns
  13 wraiths
  33 yaks
  A human (shapeshifter) (D:15)
  A yak (shapeshifter) (Elf:2)
  A basilisk (Lair:6)
  19 humans (D:14)
  A fire bat (shapeshifter) (Depths:3)
  2 fire elementals (Depths:2)
  4 vampire mosquitoes (D:14)
  Menkaure (D:6)
  51 nagas
  2 wargs
  A tengu zombie (Depths:1)
  2 acid dragons
  5 soldier ants (Gauntlet)
  11 water moccasins
  A floating eye (Depths:2)
  4 hell hounds (Lair:6)
  7 porcupines
  A black bear (D:10)
  2 ice beasts
  2 phantoms (D:8)
  42 orc warriors
  2 eyes of draining (shapeshifter)
  31 ogres
  4 sky beasts
  3 boggarts
  An eye of draining (D:11)
  A centaur (shapeshifter) (Depths:2)
  26 centaurs
  15 crocodiles
  2 human skeletons (Vaults:2)
  5 big kobolds
  24 bullfrogs
  3 scorpions
  A water moccasin skeleton (D:6)
  20 killer bees
  12 wights
  4 howler monkeys
  4 bullfrog zombies
  A quasit (Depths:1)
  4 centaur zombies
  7 hounds
  3 jellies
  12 orc priests
  8 centaur skeletons
  20 orc wizards
  2 iguanas (D:7)
  Terence (D:2)
  Jessica (D:2)
  4 hell rats (Lair:6)
  10 worker ants
  A hound skeleton (D:4)
  A howler monkey zombie (D:6)
  6 gnolls
  A howler monkey skeleton (D:6)
  9 adders
  3 shadow imps
  4 white imps
  An ufetubus (D:5)
  An ooze (D:1)
  An adder zombie (D:5)
  4 worms
  A dart slug (D:1)
  6 leopard geckos
  97 orcs
  5 bats
  6 giant cockroaches
  9 goblins
  4 hobgoblins
  19 jackals
  29 kobolds
  6 quokkas
  2 ball pythons
  6 frilled lizards
  2 leopard gecko skeletons
  A quokka skeleton (D:6)
  8 rats
1598 creatures vanquished.

Vanquished Creatures (others)
  A two-headed ogre (Depths:2)
  17 dancing weapons
  A sea snake (Shoals:4)
  A manticore (D:15)
  A black mamba (Snake:3)
  A merfolk (Shoals:4)
  An ogre (Depths:2)
  A centaur (Depths:1)
  An orc (D:15)
  43 fungi
  104 plants
172 creatures vanquished.

Grand Total: 1770 creatures vanquished

Notes
Turn   | Place    | Note
-------+----------+-------------------------------------------
     0 | D:1      | TerraDOOM the Gargoyle Fighter began the quest for the Orb.
     0 | D:1      | Reached XP level 1. HP: 14/14 MP: 1/1
    92 | D:1      | Reached XP level 2. HP: 19/19 MP: 2/2
   458 | D:1      | Reached XP level 3. HP: 24/24 MP: 3/3
   990 | D:2      | Noticed Terence
  1001 | D:2      | Killed Terence
  1001 | D:2      | Reached XP level 4. HP: 29/29 MP: 4/4
  1164 | D:2      | Reached skill level 4 in Armour
  1211 | D:2      | Noticed Jessica
  1227 | D:2      | Killed Jessica
  1227 | D:2      | Reached XP level 5. HP: 33/33 MP: 5/5
  1720 | D:3      | Found a glowing drain.
  1729 | Sewer    | Entered a sewer
  1777 | Sewer    | Noticed a big kobold
  1790 | Sewer    | Killed a big kobold
  1790 | Sewer    | Reached XP level 6. HP: 39/39 MP: 6/6
  1819 | Sewer    | Found a white marble altar of Elyvilon.
  2203 | D:4      | Found an ornate altar of the Wu Jian Council.
  2313 | D:4      | Found a bloodstained altar of Trog.
  2315 | D:4      | Found Veles's Distillery.
  2358 | D:4      | Bought a potion of might for 56 gold pieces
  2358 | D:4      | Bought a potion of might for 56 gold pieces
  2608 | D:4      | Reached XP level 7. HP: 26/44 MP: 7/7
  2614 | D:4      | Reached skill level 5 in Shields
  2908 | D:4      | Found a blossoming altar of Fedhas.
  3020 | D:4      | Reached skill level 5 in Armour
  3061 | D:5      | Entered Level 5 of the Dungeon
  3061 | D:5      | Found a hide-covered altar of Uskayaw.
  3072 | D:5      | Reached skill level 5 in Fighting
  3072 | D:5      | Reached skill level 5 in Maces & Flails
  3432 | D:5      | Found a shimmering blue altar of Sif Muna.
  3445 | D:5      | Reached XP level 8. HP: 42/49 MP: 8/8
  3500 | D:5      | Found a staircase to the Ecumenical Temple.
  3513 | Temple   | Entered the Ecumenical Temple
  3756 | D:5      | Found a sacrificial altar of Ru.
  3757 | D:5      | Found a radiant altar of Vehumet.
  3808 | D:5      | Found Quimmu's Book Emporium.
  4195 | Temple   | Became a worshipper of Gozag Ym Sagoz the Greedy
  4674 | D:6      | Noticed Menkaure
  4708 | D:6      | Killed Menkaure
  5152 | D:7      | Found a transporter.
  5153 | D:7      | Noticed ANON1729's ghost (amateur KoGl)
  5155 | D:7      | Noticed a two-headed ogre
  5157 | D:7      | Found a transporter.
  5175 | D:7      | Reached XP level 9. HP: 54/54 MP: 9/9
  5257 | D:7      | Found a shattered altar of Ashenzari.
  5438 | D:7      | Found a burning altar of Makhleb.
  5510 | D:7      | Reached skill level 10 in Maces & Flails
  5873 | D:7      | Found Oduthrydd's Antique Weapon Shop.
  6356 | D:8      | Noticed Maurice
  6378 | D:8      | Killed Maurice
  6491 | D:8      | Noticed Gastronok
  6623 | D:8      | Killed Gastronok
  6623 | D:8      | Reached skill level 6 in Armour
  6623 | D:8      | Reached XP level 10. HP: 43/61 MP: 10/10
  6747 | D:8      | Noticed a two-headed ogre
  6967 | D:8      | Noticed a two-headed ogre
  6971 | D:8      | Noticed Joseph
  6989 | D:8      | Killed a two-headed ogre
  6989 | D:8      | Reached skill level 7 in Armour
  7027 | D:8      | Killed Joseph
  7125 | D:8      | Killed a two-headed ogre
  7176 | D:8      | Reached XP level 11. HP: 68/68 MP: 11/11
  7504 | D:9      | Noticed a skeletal warrior
  7507 | D:9      | Noticed a skeletal warrior
  7507 | D:9      | Noticed a skeletal warrior
  7507 | D:9      | Noticed a skeletal warrior
  7603 | D:9      | Reached skill level 8 in Armour
  7681 | D:9      | Found a staircase to the Orcish Mines.
  7905 | D:8      | Killed a skeletal warrior
  7992 | D:9      | Noticed a skeletal warrior
  7999 | D:9      | Killed a skeletal warrior
  8052 | D:9      | Killed a skeletal warrior
  8070 | D:9      | Killed a skeletal warrior
  8148 | D:9      | Killed a skeletal warrior
  8148 | D:9      | Reached skill level 9 in Armour
  8428 | D:9      | Found a roughly hewn altar of Beogh.
  8825 | D:10     | Entered Level 10 of the Dungeon
  8987 | D:10     | Noticed Sonja
  8996 | D:10     | Paralysed by Sonja for 7 turns
  9020 | D:10     | Killed Sonja
  9160 | D:10     | Found Foitiadi's Magic Scroll Boutique.
  9162 | D:10     | Noticed a five-headed hydra
  9177 | D:10     | Killed a five-headed hydra
  9239 | D:10     | Got a transparent ring mail
  9240 | D:10     | Identified the +0 ring mail of the Tick {rC- rN++ MR+
                  | Stlth+} (You found it on level 10 of the Dungeon)
  9518 | D:10     | Reached XP level 12. HP: 77/77 MP: 12/12
  9721 | D:10     | Reached skill level 10 in Fighting
  9721 | D:10     | Reached skill level 10 in Shields
  9734 | D:10     | Reached skill level 10 in Armour
 10056 | D:11     | Found an iron altar of Okawaru.
 10176 | D:11     | Found a staircase to the Lair.
 10353 | D:11     | Noticed a two-headed ogre
 10368 | D:11     | Killed a two-headed ogre
 10914 | D:11     | Found Cimitise's Distillery.
 10922 | D:11     | Bought a potion of might for 60 gold pieces
 10922 | D:11     | Bought a potion of heal wounds for 75 gold pieces
 10922 | D:11     | Bought a potion of heal wounds for 75 gold pieces
 11112 | Lair:1   | Entered Level 1 of the Lair of Beasts
 11210 | Lair:1   | Reached skill level 11 in Armour
 11297 | Lair:1   | Noticed an eight-headed hydra
 11309 | Lair:1   | Killed an eight-headed hydra
 12058 | Lair:2   | Noticed a catoblepas
 12087 | Lair:2   | Killed a catoblepas
 12142 | Lair:2   | Found a staircase to the Shoals.
 12258 | Lair:2   | Reached XP level 13. HP: 81/84 MP: 13/13
 13086 | Lair:2   | Noticed a fire dragon
 13136 | Lair:2   | Killed a fire dragon
 13436 | Lair:2   | Got a jewelled chain mail
 13437 | Lair:2   | Identified the +0 chain mail "Nivuinus" {Str+2 SInv} (You
                  | found it on level 2 of the Lair of Beasts)
 13771 | Lair:3   | You fall into a shaft and drop 1 floor!
 14007 | Lair:3   | Reached skill level 12 in Armour
 14403 | Lair:4   | Found a runed translucent gate.
 14403 | Lair:4   | Found a runed translucent gate.
 14403 | Lair:4   | Found a runed translucent gate.
 14403 | Lair:4   | Noticed Vuppis's ghost (journeyman DsVM)
 14587 | Lair:4   | Noticed Nergalle
 14689 | Lair:1   | Bought the +8 orange crystal plate armour {Archmagi, Int+3
                  | Clar} for 2167 gold pieces
 14689 | Lair:1   | Found the +8 orange crystal plate armour {Archmagi, Int+3
                  | Clar}
 15127 | Lair:4   | Found a staircase to the Snake Pit.
 15265 | Lair:4   | Killed Nergalle
 15798 | Lair:5   | Reached skill level 13 in Armour
 15968 | Lair:5   | You fall into a shaft and drop 1 floor!
 15968 | Lair:6   | Entered Level 6 of the Lair of Beasts
 16032 | Lair:6   | Gained mutation: Your large and strong wings let you fly
                  | indefinitely. [Gargoyle growth]
 16032 | Lair:6   | Reached XP level 14. HP: 87/94 MP: 14/14
 16125 | Lair:6   | Found a runed translucent door.
 16126 | Lair:6   | Noticed threeofswords's ghost (journeyman NaAM)
 16127 | Lair:6   | Identified the +3 trident "Viempax" {freeze, rElec MR-
                  | Int+3}
 16137 | Lair:6   | Found a staircase to the Slime Pits.
 16293 | Lair:6   | Noticed Rupert
 16324 | Lair:6   | Killed Rupert
 16472 | Lair:6   | Noticed a dire elephant
 16571 | Lair:6   | Killed a dire elephant
 16912 | Lair:1   | Bought the +3 crown of Dyrovepreva {rElec Int+2 SInv} for
                  | 621 gold pieces
 16912 | Lair:1   | Found the +3 crown of Dyrovepreva {rElec Int+2 SInv}
 17453 | Lair:6   | Paralysed by a wizard for 7 turns
 17468 | Lair:6   | Found a burning altar of Makhleb.
 18106 | Lair:6   | Found a gateway to Hell.
 18343 | Lair:6   | Got a buzzing cloak
 18344 | Lair:6   | Identified the cursed -4 cloak of Past Mistakes {+Fly
                  | rCorr} (You found it on level 6 of the Lair of Beasts)
 18867 | D:12     | Reached skill level 14 in Armour
 20390 | D:14     | Reached XP level 15. HP: 101/101 MP: 15/15
 20757 | D:14     | Found a blossoming altar of Fedhas.
 21230 | D:14     | Found a gate to the Vaults.
 21267 | D:14     | Reached skill level 15 in Fighting
 21267 | D:14     | Reached skill level 15 in Armour
 21267 | D:14     | Reached skill level 15 in Shields
 21705 | D:15     | Entered Level 15 of the Dungeon
 21731 | D:15     | Found a gate leading to a gauntlet.
 21944 | Gauntlet | Entered a Gauntlet
 21944 | Gauntlet | Found a transporter.
 21953 | Gauntlet | Found a transporter.
 21968 | Gauntlet | Found a transporter.
 21973 | Gauntlet | Found a transporter.
 21992 | Gauntlet | Found a transporter.
 22007 | Gauntlet | Found a transporter.
 22019 | Gauntlet | Found a transporter.
 22025 | Gauntlet | Found a transporter.
 22040 | Gauntlet | Found a transporter.
 22050 | Gauntlet | Noticed a cacodemon
 22052 | Gauntlet | Found a transporter.
 22064 | Gauntlet | Found a transporter.
 22081 | Gauntlet | Found a transporter.
 22099 | Gauntlet | Found a transporter.
 22101 | Gauntlet | Found a transporter.
 22126 | Gauntlet | Found a transporter.
 22128 | Gauntlet | Found a transporter.
 22148 | Gauntlet | Found a transporter.
 22238 | Gauntlet | Found a transporter.
 23221 | D:15     | Found Xakoumyu's Gadget Shoppe.
 23755 | D:15     | Found a staircase to the Depths.
 23755 | D:15     | Noticed a frost giant
 23778 | D:15     | Killed a frost giant
 23796 | D:15     | Reached XP level 16. HP: 102/110 MP: 16/16
 24068 | Orc:1    | Entered Level 1 of the Orcish Mines
 24068 | Orc:1    | Noticed Urug
 24100 | D:9      | Killed Urug
 24100 | D:9      | Reached skill level 16 in Armour
 24367 | Orc:2    | Entered Level 2 of the Orcish Mines
 24419 | Orc:2    | Found a staircase to the Elven Halls.
 24516 | Orc:2    | Found Yckin's Book Shop.
 24743 | Orc:2    | Found a transporter.
 24745 | Orc:2    | Noticed lilly's ghost (journeyman MiMo)
 24746 | Orc:2    | Identified the +5 great mace "Tepheuq" {freeze, rElec rF+
                  | MP+9 Int-2}
 24746 | Orc:2    | Identified the +10 great mace of Ydoterr {venom, rN+ MP+9}
 25102 | Orc:2    | Found Geoso's General Store.
 25102 | Orc:2    | Found Iraw Vai's Weapon Shop.
 25123 | Orc:2    | Found Zepal's Antique Armour Boutique.
 25125 | Orc:2    | Found Nezop's Assorted Antiques.
 25529 | Snake:1  | Entered Level 1 of the Snake Pit
 25641 | Snake:1  | Noticed a nagaraja
 25661 | Snake:1  | Killed a nagaraja
 26405 | Snake:2  | Noticed a nagaraja
 26567 | Snake:2  | Killed a nagaraja
 26986 | Snake:2  | Reached skill level 15 in Maces & Flails
 27757 | Snake:3  | Reached skill level 17 in Armour
 28010 | Snake:3  | Found a stormy altar of Qazlal.
 28021 | Snake:3  | Reached XP level 17. HP: 117/117 MP: 17/17
 28158 | Snake:3  | Found a frozen archway.
 28356 | Snake:4  | Entered Level 4 of the Snake Pit
 28356 | Snake:4  | Found Nunnouc's Armour Shop.
 29315 | Snake:4  | Reached skill level 18 in Armour
 29667 | Snake:4  | Reached XP level 18. HP: 124/125 MP: 18/18
 29692 | Snake:4  | Got a serpentine rune of Zot
 29988 | Shoals:1 | Entered Level 1 of the Shoals
 30048 | Shoals:1 | Found a shadowy altar of Dithmenos.
 30129 | Shoals:1 | Noticed Josephine
 30146 | Shoals:1 | Killed Josephine
 30348 | Shoals:1 | Noticed Kirke
 30359 | Shoals:1 | Killed Kirke
 30414 | Shoals:2 | Noticed Louise
 30456 | Shoals:2 | Killed Louise
 30528 | Shoals:2 | Noticed Polyphemus
 30558 | Shoals:2 | Killed Polyphemus
 30623 | Shoals:2 | Identified Roxanne's Handbook of the Rocks
 30623 | Shoals:2 | Noticed Roxanne
 30764 | Shoals:2 | Noticed Ilsuiw
 31000 | Shoals:2 | Killed Ilsuiw
 31493 | Shoals:3 | Reached XP level 19. HP: 132/132 MP: 19/19
 31494 | Shoals:3 | Reached skill level 19 in Armour
 31494 | Shoals:3 | Reached XP level 20. HP: 137/137 MP: 20/20
 31695 | Shoals:3 | Identified the ring of Yngapp {EV+4 Int+2}
 32229 | Shoals:4 | Entered Level 4 of the Shoals
 32441 | Shoals:4 | Identified the Tome of Relativism
 32753 | Shoals:4 | Got a barnacled rune of Zot
 33173 | Shoals:4 | Got a glittering brass ring
 34080 | Vaults:1 | Entered Level 1 of the Vaults
 34447 | Vaults:1 | Reached XP level 21. HP: 107/144 MP: 21/21
 35133 | Vaults:1 | Reached skill level 20 in Armour
 35305 | Vaults:1 | Identified the ring of Naityf {+Fly rPois} (You found it on
                  | level 4 of the Shoals)
 35602 | Vaults:1 | Got a scorched iron ring
 35603 | Vaults:1 | Identified a scroll of acquirement
 35607 | Vaults:1 | Identified the ring "Xiqic" {rC- rN+ Slay+2 Stlth+} (You
                  | found it on level 1 of the Vaults)
 36151 | Vaults:2 | Gained mutation: You have large cloven feet. [a shining
                  | eye]
 36904 | Vaults:2 | Paralysed by a great orb of eyes for 4 turns
 37458 | Vaults:2 | Found Fuotwit's Assorted Antiques.
 38214 | Elf:1    | Entered Level 1 of the Elven Halls
 38238 | Elf:1    | Found a radiant altar of Vehumet.
 38324 | Elf:1    | Reached XP level 22. HP: 152/152 MP: 22/22
 38902 | Elf:1    | Found a ruined gateway.
 39155 | Elf:2    | Found Pomule's Gadget Shoppe.
 39603 | Elf:2    | Found a huge runed translucent gate.
 39603 | Elf:2    | Found a huge runed translucent gate.
 39603 | Elf:2    | Found a huge runed translucent gate.
 39603 | Elf:2    | Found a huge runed translucent gate.
 39603 | Elf:2    | Found a huge runed translucent gate.
 40500 | Elf:2    | Bought the +9 heavy crossbow "Sniper" {vorpal, Acc+∞ SInv}
                  | for 2278 gold pieces
 40500 | Elf:2    | Found the +9 heavy crossbow "Sniper" {vorpal, Acc+∞ SInv}
 40970 | Vaults:3 | Found Jeddywameh's Antique Weapon Shop.
 40997 | Vaults:3 | Reached skill level 1 in Crossbows
 41042 | Vaults:3 | Reached skill level 21 in Armour
 41132 | Vaults:3 | Gained mutation: Potions are less effective at restoring
                  | your health. [a shining eye]
 41352 | Vaults:3 | Found a staircase to the Crypt.
 41574 | Vaults:3 | Acquired the amulet "Zatz" {+Inv Regen+}
 41856 | Vaults:3 | Reached skill level 5 in Crossbows
 42109 | Vaults:3 | Identified the +4 arbalest "Fysheidu" {speed, rElec Int+2
                  | Dex+4}
 42400 | Vaults:3 | Found Ynnu's Gadget Emporium.
 42487 | Vaults:4 | Reached XP level 23. HP: 158/158 MP: 23/23
 42691 | Vaults:4 | Noticed Mennas
 43022 | Depths:1 | Entered Level 1 of the Depths
 43361 | Depths:1 | Noticed the Enchantress
 44458 | Depths:1 | Found the +8 Wrath of Trog {antimagic, *Rage}
 44560 | Depths:1 | Noticed Sojobo
 44599 | Depths:1 | Killed Sojobo
 44930 | Depths:1 | Found a one-way gate leading to the halls of Pandemonium.
 45222 | Depths:2 | Noticed Nikola
 45275 | Depths:1 | Killed Nikola
 45734 | Depths:2 | Reached skill level 10 in Crossbows
 45814 | Depths:2 | You are sucked into a shaft and drop 1 floor!
 46182 | Depths:3 | Reached XP level 24. HP: 166/166 MP: 23/23
 46293 | Depths:2 | Found a corrupted altar of Lugonu.
 46293 | Depths:2 | Found a one-way gate to the infinite horrors of the Abyss.
 46615 | Depths:2 | Paralysed by a Zot trap for 2 turns
 46711 | Depths:2 | Reached skill level 22 in Armour
 47268 | Hell     | Entered the Vestibule of Hell
 47268 | Hell     | Noticed Geryon
 47806 | Depths:3 | Found Seulen's Distillery.
 47806 | Depths:3 | Found Ocsaebb's General Store.
 47834 | Depths:3 | Bought a potion of heal wounds for 75 gold pieces
 47834 | Depths:3 | Bought a potion of heal wounds for 75 gold pieces
 47834 | Depths:3 | Bought a potion of heal wounds for 75 gold pieces
 48268 | Depths:3 | You are sucked into a shaft and drop 2 floors!
 48268 | Depths:5 | Entered Level 5 of the Depths
 48278 | Depths:5 | Noticed an ancient lich
 48285 | Depths:5 | Noticed a caustic shrike
 48311 | Depths:5 | Killed a caustic shrike
 48313 | Depths:5 | Noticed a juggernaut
 48381 | Depths:5 | Splashed by an ancient lich's acid

Illustrated notes

Levels and vault maps discovered:
D:1:      lemuel_arrival_cross, layout_basic
D:2:      layout_rooms, uniq_jessica, uniq_terence
D:3:      layout_basic, portal_sewer_entry_f
D:4:      layout_loops_cross, kennysheep_little_box,
          nicolae_overflow_crystal_walls, serial_shops, nicolae_shop_crystal,
          bloody_trog
D:5:      layout_basic, eat_drink_and_be_merry_uskayaw, old_standard_altar,
          chequers_temple_overflow_statue_of_worship,
          minmay_temple_entry_offerings, serial_curves, eino_curves_04,
          eino_curves_01, serial_shops, shop, kennysheep_generic_room_3
D:6:      layout_rooms, st_stairs_4, uniq_menkaure
D:7:      layout_loops_corners, evilmike_ruin_ashenzari, kennysheep_mini,
          serial_shops, nicolae_shop_crystal, gammafunk_ghost_smash
D:8:      layout_basic, uniq_maurice, uniq_gastronok, uniq_joseph
D:9:      layout_stronghold, minmay_orc_entry_temple_small
D:10:     layout_loops_ring, serial_shops, shop, hangedman_decor_growths,
          minivault_25_ag, uniq_sonja
D:11:     layout_gridville, grunt_lair_entry_orc_guard_hut, serial_shops, shop,
          special_room [special_room_bee], lemuel_statue_altar
D:12:     layout_irregular_city, nicolae_underground_beach
D:13:     layout_roguey
D:14:     layout_cave_pods, grunt_vaults_entry_tiered,
          infiniplex_staircase_zigzag_1, fedhas_altar_3
D:15:     grunt_enter_depths_snipers, layout_loops_ring, serial_shops, shop,
          gauntlet_entry_generic, minmay_misc_feat_chi
Temple:   minmay_temple_curvy_branch
Lair:1:   layout_small_grid, cheibrodos_lair_caveside_slide, grunt_megastairs_5
Lair:2:   dragon1_lemuel, layout_cave_pods, shoals_dummy_entry
Lair:3:   layout_gridlike
Lair:4:   layout_long_grid, minmay_snake_entry_guardpost_medium,
          ebering_ghost_rock_garden, serial_bayou_shore_b, grunt_megastairs_3,
          uniq_nergalle
Lair:5:   layout_long_grid
Lair:6:   evil_forest, layout_cave_pods, slime_dummy,
          ebering_ghost_funeral_grove, uniq_rupert
Shoals:1: layout_shoals, lemuel_altar_in_water, uniq_kirke, uniq_josephine
Shoals:2: layout_shoals, lightli_airlock, uniq_ilsuiw, uniq_roxanne,
          uniq_louise, uniq_polyphemus
Shoals:3: cheibrodos_shoals_satyrical_garden, layout_shoals,
          nicolae_shoals_this_corrosion
Shoals:4: shoals_end_simple, layout_shoals, shoals_ilsuiw_ice
Snake:1:  nicolae_snake_nest, layout_rooms, nicolae_snake_double_loop
Snake:2:  dpeg_oklob_gauntlet, layout_basic
Snake:3:  layout_rooms, portal_ice_cave_entry_dragon, basic_altar
Snake:4:  snake_pit, layout_misc_corridors, serial_shops, nicolae_shop_crystal,
          grunt_ministairs_11, serial_bayou_shore_a
Orc:1:    layout_diamond_mine, serial_shops, nicolae_shop_overgrown_old_shop,
          uniq_jorgrun, uniq_urug
Orc:2:    st_orc_rangers, layout_diamond_mine, serial_shops,
          nicolae_shop_competitors_out_of_business, gammafunk_ghost_smash
Elf:1:    eino_elf_arrival_altar, layout_geoelf_octagon,
          portal_desolation_entry_ruin, hangedman_elf_disciples
Elf:2:    layout_onion_city, serial_shops, shop
Vaults:1: nicolae_vaults_what_the_h, vaults_standard_mumra_lines,
          vaults_dpeg_hooks, grunt_vaults_twisty, nicolae_vaults_network_star,
          st_squares, v_misc_33, v_misc_28, vaults_room_fancy_cross,
          ontoclasm_vaults_gateway, grunt_vaults_hallway_long,
          grunt_vaults_focal, layout_vaults_ring
Vaults:2: grunt_vaults_hallway_short, ontoclasm_vaults_loading_screen,
          v_misc_27, vaults_standard_mumra_enter_the_diamond, v_misc_29,
          nicolae_vaults_network_periphery, grunt_vaults_hallway_long,
          vaults_dpeg_ring, nicolae_vaults_border_crossing,
          vaults_room_door_hall, nicolae_vaults_ring_of_whatevers,
          nicolae_vaults_rhombus_5, ontoclasm_vaults_twist,
          ontoclasm_vaults_ligature, ontoclasm_vaults_misaligned,
          layout_vaults_big_cross, serial_shops, nicolae_shop_overgrown_old_shop
Vaults:3: minmay_crypt_entry_simple_statues, vaults_room_mumra_shop_pool,
          nicolae_vaults_little_squares_3, v_alt_pattern_6, v_misc_5,
          nicolae_vaults_yaktaur_gun_rack, v_alt_pattern_2,
          layout_vaults_omnigrid, serial_shops, shop
Vaults:4: vaults_dpeg_doors, ontoclasm_vaults_idyll,
          nicolae_vaults_little_squares_6, v_pattern_1, hangedman_vaults_hat,
          vaults_room_grid, nicolae_vaults_theta,
          ontoclasm_vaults_loading_screen, vaults_mumra_chevron_long, v_misc_26,
          grunt_vaults_hallway_long, v_misc_22, ontoclasm_vaults_fault,
          layout_vaults_maze_bifur, nicolae_trove_entry_diagonal, uniq_mennas
Depths:1: layout_cave_pools, hell_entry, grunt_pan_entry_sceptre,
          minmay_guarded_unrand_wrath_of_trog, uniq_enchantress, uniq_sojobo
Depths:2: evilmike_diamond_1, layout_cave_pools, abyss_entry_flame_altar,
          hell_entry, kennysheep_windowed_goal, uniq_nikola
Depths:3: minmay_bloctagon_deflated, layout_small_grid, hangedman_coc_ice_floe,
          infiniplex_staircase_zigzag_4, pan_entry, minmay_shoptagon
Depths:5: hangedman_pleasuredromes, hell_entry, abyss_entry
Hell

Skill      XL: |  1  2  3  4  5  6  7  8  9 10 11 12 13 14 15 16 17 18 19 20 21 22 23 24 |
---------------+-------------------------------------------------------------------------+-----
Fighting       | 4 5 6 7 9 11 13 14 15 17 18 19 20 21 | 21.7
Maces & Flails | 3 4 6 9 12 13 15 17 18 19 | 19.2
Shields        | 4 5 6 7 9 11 13 14 15 16 17 18 19 | 19.6
Armour         | 4 5 6 7 9 11 13 14 15 17 18 19 20 21 22 | 22.2
Crossbows      | 6 10 12 | 12.1

Action                   |  1- 3 |  4- 6 |  7- 9 | 10-12 | 13-15 | 16-18 | 19-21 | 22-24 || total
-------------------------+-------+-------+-------+-------+-------+-------+-------+-------++-------
Melee: Flail             |   134 |   233 |       |       |       |       |       |       ||   367
       Whip              |       |    10 |   431 |  1084 |  2091 |  2235 |  1774 |  2671 || 10296
       Kick              |       |       |       |       |       |       |   214 |  1026 ||  1240
Throw: Throwing net      |       |       |     1 |       |       |       |       |       ||     1
Invok: Call Merchant     |       |       |       |     1 |       |     1 |       |     2 ||     4
       Potion Petition   |       |       |       |       |     1 |       |     1 |     9 ||    11
 Abil: Fly               |       |       |       |       |       |       |       |     1 ||     1
Evoke: Wand              |       |       |       |    14 |    11 |     9 |     1 |       ||    35
       Phial of floods   |       |       |       |       |     1 |       |       |       ||     1
  Use: Scroll            |       |     5 |       |    12 |    20 |     8 |     5 |    12 ||    62
       Potion            |       |     2 |     3 |     6 |     5 |     8 |     3 |     3 ||    30
 Stab: Distracted        |       |       |       |     2 |     5 |    10 |     7 |    20 ||    44
       Paralysed         |       |       |       |    12 |       |       |       |       ||    12
       Petrified         |       |       |       |       |       |     9 |       |       ||     9
       Sleeping          |       |       |       |       |       |       |       |     4 ||     4
       Invisible         |       |       |       |       |       |       |       |     2 ||     2
Armor: Scale mail        |    63 |       |       |       |       |       |       |       ||    63
       Chain mail        |       |   101 |    73 |       |       |       |       |       ||   174
       Plate armour      |       |       |    65 |   362 |    42 |       |       |       ||   469
       Crystal plate arm |       |       |       |       |   543 |  1045 |   489 |  1134 ||  3211
Dodge: Dodged            |    59 |    88 |   111 |   248 |   290 |   441 |   290 |   764 ||  2291
Block: Kite shield       |    86 |   155 |   198 |   486 |  1325 |   945 |       |       ||  3195
       Reflection        |       |       |       |       |    31 |       |       |       ||    31
       Tower shield      |       |       |       |       |       |   689 |  1534 |  2964 ||  5187

Table legend: (Time is in decaauts)
 A = Elapsed time spent in this place.
 B = Non-inter-level travel time spent in this place.
 C = Inter-level travel time spent in this place.
 D = Time resting spent in this place.
 E = Time spent auto-exploring this place.
 F = Levels seen in this place.
 G = Mean time per level.
                   A        B        C        D        E       F      G
               +--------+--------+--------+--------+--------+-----+--------+
         Total |  44153 |  40039 |   4114 |   3081 |  25053 |  45 |  981.2 |
       Dungeon |  16261 |  14617 |   1644 |   1076 |   9456 |  15 | 1084.1 |
        Temple |    274 |    230 |     44 |      0 |    223 |   1 |  274.0 |
          Lair |   7188 |   5975 |   1213 |    159 |   4614 |   6 | 1198.0 |
        Shoals |   3299 |   3191 |    108 |    124 |   1794 |   4 |  824.8 |
     Snake Pit |   3703 |   3570 |    133 |    569 |   1777 |   4 |  925.8 |
  Orcish Mines |   1140 |    980 |    160 |      0 |    649 |   2 |  570.0 |
   Elven Halls |   2169 |   1997 |    172 |    121 |   1328 |   2 | 1084.5 |
        Vaults |   5302 |   4775 |    527 |    230 |   2966 |   4 | 1325.5 |
        Depths |   3851 |   3741 |    110 |    801 |   1677 |   4 |  962.8 |
          Hell |      6 |      6 |      0 |      0 |      0 |   1 |    6.0 |
         Sewer |    165 |    165 |      0 |      0 |    111 |   1 |  165.0 |
      Gauntlet |    789 |    789 |      0 |      0 |    455 |   1 |  789.0 |
               +--------+--------+--------+--------+--------+-----+--------+

Top non-repeatable levels by time:
    D:15: 2056 daAuts
Vaults:1: 1770 daAuts
Vaults:3: 1735 daAuts
  Lair:6: 1721 daAuts
Vaults:2: 1564 daAuts
  Lair:2: 1557 daAuts
    D:14: 1446 daAuts
     D:9: 1367 daAuts
Depths:1: 1335 daAuts
     D:7: 1307 daAuts
   Elf:2: 1294 daAuts
     D:8: 1280 daAuts
    D:11: 1232 daAuts
Depths:3: 1219 daAuts
Depths:2: 1208 daAuts
